 Dungeon Crawl Stone Soup version 0.31.0-4-g52a2dc7128 (webtiles) character file.

Game seed: 3858812577415183962

1875 dialectric the Fighter (level 9, -3/59 HPs)
             Began as a Gargoyle Fighter on Jan 21, 2024.
             Was a Believer of Okawaru.
             Slain by a wight
             ... wielding a +0 halberd
              (11 damage)
             ... on level 6 of the Dungeon.
             The game lasted 00:08:19 (6346 turns).

dialectric the Fighter (Gargoyle Fighter)           Turns: 6346, Time: 00:08:20

Health: -3/59      AC: 16    Str: 22    XL:     9   Next: 14%
Magic:  17/18      EV: 14    Int:  9    God:    Okawaru [**....]
Gold:   450        SH:  0    Dex: 11    Spells: 8/8 levels left

rFire   . . .        w - +0 morningstar
rCold   + . .        (no shield)
rNeg    + . .        y - +2 leather armour {rC+}
rPois   ∞            (no helmet)
rElec   +            b - +2 cloak {rCorr}
rCorr   +            (no gloves)
SInv    .            (no boots)
Will    .....        (no amulet)
Stlth   ++           h - ring of magical power
HPRegen 0.29/turn    (no ring)
MPRegen 0.16/turn

%: no passive effects
@: heroic
A: sickness immunity, AC +6, negative energy resistance 1, electricity
resistance, torment resistance 1, petrification resistance
a: Renounce Religion, Heroism


You were on level 6 of the Dungeon.
You worshipped Okawaru.
Okawaru was pleased with you.
You visited 1 branch of the dungeon, and saw 6 of its levels.

You collected 450 gold pieces.

Inventory:

Hand Weapons
 a - a +0 flail
 k - a +4 quarterstaff of chaos
 p - a +2 mace
 r - the +6 dagger of Qetoek {heavy, rN+ Int+3}
   (You found it on level 3 of the Dungeon)

   Int+3:     It affects your intelligence (+3).
   rN+:       It protects you from negative energy.
 v - a +0 great mace
 w - a +0 morningstar (weapon)
Missiles
 x - 3 poisoned darts
 z - 3 datura-tipped darts
 C - 5 javelins (quivered)
Armour
 b - a +2 cloak of preservation (worn)
 c - a +0 buckler
 s - a +0 chain mail
 y - a +2 leather armour of cold resistance (worn)
 D - a +1 cloak
Jewellery
 h - a ring of magical power (left hand)
Talismans
 l - a beast talisman
 n - a maw talisman
Scrolls
 e - 4 scrolls of teleportation {unknown}
 g - a scroll of blinking {unknown}
 o - a scroll of enchant armour {unknown}
 t - a scroll of revelation {unknown}
 u - a scroll of poison {unknown}
 E - 2 scrolls of identify
 F - a scroll of silence {unknown}
 G - a scroll of fear {unknown}
Potions
 d - a potion of might
 f - a potion of attraction
 i - a potion of ambrosia
 j - a potion of brilliance {unknown}
 m - a potion of enlightenment
 q - 2 potions of curing
 A - a potion of mutation
 B - 2 potions of cancellation


   Skills:
 * Level 8.0(13.0) Fighting
 - Level 1.6(6.6) Short Blades
 + Level 6.8(11.8) Maces & Flails
 + Level 0.4(5.4) Throwing
 - Level 6.0(11.0) Armour
 + Level 3.4(8.4) Dodging
 - Level 3.2(8.2) Shields


You had 8 spell levels left.
You didn't know any spells.
Your spell library contained the following spells:

 Spells                   Type           Power      Damage    Failure   Level
 Magic Dart               Conj           0%         1d3       41%         1
 Sandblast                Erth           0%         2d4       41%         1
 Shock                    Conj/Air       0%         1d3       41%         1
 Blink                    Tloc           0%         N/A       56%         2
 Inner Flame              Hex/Fire       0%         N/A       80%         3
 Passwall                 Erth           0%         N/A       80%         3
 Stone Arrow              Conj/Erth      0%         3d7       80%         3
 Swiftness                Air            0%         N/A       80%         3
 Airstrike                Air            0%         2d(0-16)  99%         4
 Brom's Barrelling Bould  Conj/Erth      0%         2d3       99%         4
 Passage of Golubria      Tloc           0%         N/A       99%         4
 Irradiate                Conj/Alch      0%         3d11      100%        5
 Yara's Violent Unravell  Hex/Alch       0%         3d3       100%        5
 Ignition                 Fire           0%         3d3       100%        8
 Call Imp                 Summ           Unusable   N/A       N/A         2
 Tukima's Dance           Hex            Unusable   N/A       N/A         3

Dungeon Overview and Level Annotations

Branches:
Dungeon (6/15)             Temple (0/1) D:6

Altars:
Ashenzari
Fedhas
Makhleb
Okawaru
Ru
Sif Muna
Zin


Innate Abilities, Weirdness & Mutations

You are immune to sickness and miasma.
Your stone body is resilient. (AC +6)
You are immune to poison.
You resist negative energy. (rN+)
You are resistant to electric shocks. (rElec)
You are resistant to unholy torment.
You are immune to petrification.


Message History

The wight is severely damaged.
The wight hits you but does no damage. x2; The wight completely misses you.
The wight attacks as it pursues you! The wight hits you with a +0 dagger.
The wight attacks as it pursues you! The wight hits you but does no damage.
The wight hits you from afar with a +4 halberd.
You gain the combat prowess of a mighty hero.
The wight misses you. The wight closely misses you. x2
Unknown command.
You puncture the wight!
You destroy the wight!
Okawaru accepts your kill. The wight completely misses you.
The wight hits you but does no damage. The wight hits you with a +0 halberd.
There is an open door here.
Things that are here:
a +0 dagger; a +0 robe You closely miss the wight.
The wight barely misses you. The wight closely misses you.
You barely miss the wight. The wight closely misses you. The wight misses you.
You hit the wight but do no damage. The wight barely misses you.
The wight closely misses you.
Unknown command.
You hit the wight.
The wight is lightly damaged.
The wight hits you with a +4 halberd!
* * * LOW HITPOINT WARNING * * *
The wight barely misses you.
You hit the wight but do no damage. You punch the wight.
The wight is heavily damaged.
The wight hits you with a +4 halberd!
* * * LOW HITPOINT WARNING * * *
The wight hits you but does no damage.
Unknown command.
You hit the wight.
The wight is heavily damaged.
The wight barely misses you. The wight misses you.
You hit the wight.
The wight is heavily damaged.
The wight closely misses you. The wight hits you with a +0 halberd!
You die...

#.###.#.#######....######.....#.#
............##≈≈...# #.....†.#
#######.######≈≈..## #####'###
............#≈≈≈§.## #.......#
######......#≈§§.≈≈# #.......#
#......##§§§≈≈######.......#
#......###§.≈###............
######......# ##.## #..........#+
............# #@# #..........#
######......##8zz.8##......##..##
# #......##.[...##.#########.. #
###...###..>..##............ #
#...###.....##.....#####.. #
###..##8...8##.#.......#.. ######
#..#########.#.....#.### .....#
#..#########.#.....#.### ####.#
#....##...<..###.#.#....


You could see 2 wights.

Vanquished Creatures
  Sigmund (D:4)
  An orc warrior (D:6)
  A water moccasin (D:6)
  A black bear (D:5)
  An ogre (D:6)
  2 phantoms (D:4)
  A gnoll sergeant (D:6)
  A scorpion (D:4)
  5 wights (D:6)
  5 hounds
  A bombardier beetle (D:6)
  Crazy Yiuf (D:5)
  3 orc priests
  2 jellies
  A sleepcap (D:6)
  3 iguanas
  4 orc wizards
  11 adders
  4 gnolls (D:6)
  A shadow imp (D:5)
  5 dart slugs
  2 ribbon worms
  18 orcs
  5 ball pythons
  8 bats
  4 endoplasms
  3 giant cockroaches
  6 goblins
  11 hobgoblins
  2 jackals (D:2)
  10 kobolds
  2 quokkas
  2 frilled lizards
  8 rats
136 creatures vanquished.

Notes
Turn   | Place    | Note
-------+----------+-------------------------------------------
     0 | D:1      | dialectric the Gargoyle Fighter began the quest for the
                  | Orb.
     0 | D:1      | Reached XP level 1. HP: 14/14 MP: 1/1
   117 | D:1      | Reached XP level 2. HP: 11/19 MP: 2/2
   591 | D:1      | Reached XP level 3. HP: 16/23 MP: 3/3
  1488 | D:3      | Reached XP level 4. HP: 29/29 MP: 4/4
  1640 | D:3      | Identified the +6 dagger of Qetoek {heavy, rN+ Int+3}
  1931 | D:3      | Found a sacrificial altar of Ru.
  1946 | D:3      | Reached XP level 5. HP: 33/33 MP: 5/5
  2215 | D:4      | Noticed a phantom
  2230 | D:4      | Reached skill level 4 in Fighting
  2239 | D:4      | Killed a phantom
  2240 | D:4      | Reached skill level 1 in Dodging
  2240 | D:4      | Reached XP level 6. HP: 10/39 MP: 6/6
  2367 | D:4      | Found an iron altar of Okawaru.
  2423 | D:4      | Became a worshipper of Warmaster Okawaru
  2649 | D:4      | Reached skill level 5 in Armour
  2682 | D:4      | Found a shimmering blue altar of Sif Muna.
  2776 | D:4      | Reached skill level 1 in Short Blades
  2834 | D:4      | Noticed Sigmund
  2852 | D:4      | Killed Sigmund
  2852 | D:4      | Reached * piety under Okawaru
  2853 | D:4      | Reached skill level 5 in Fighting
  2853 | D:4      | Reached XP level 7. HP: 17/44 MP: 7/7
  3059 | D:4      | Found a broken altar of Ashenzari.
  3434 | D:5      | Entered Level 5 of the Dungeon
  3753 | D:5      | Reached skill level 6 in Fighting
  3794 | D:5      | HP: 2/46 [iguana (5)]
  3800 | D:5      | Reached XP level 8. HP: 20/51 MP: 8/8
  3924 | D:5      | Found a burning altar of Makhleb.
  4339 | D:5      | Identified the +0 robe of Lethargy {rC++ rN+ Regen+ Stlth+}
  4426 | D:5      | Reached ** piety under Okawaru
  4770 | D:5      | Found a runed translucent door.
  4771 | D:5      | Noticed Crazy Yiuf
  4776 | D:5      | Killed Crazy Yiuf
  4883 | D:6      | Reached skill level 5 in Maces & Flails
  4889 | D:6      | Reached skill level 7 in Fighting
  5378 | D:6      | Found a blossoming altar of Fedhas.
  5505 | D:6      | Found a glowing silver altar of Zin.
  5857 | D:6      | Reached XP level 9. HP: 45/59 MP: 9/9
  6066 | D:6      | Reached skill level 8 in Fighting
  6330 | D:6      | Found a staircase to the Ecumenical Temple.
  6346 | D:6      | Slain by a wight

Illustrated notes

Levels and vault maps discovered:
D:1:      giann_wishing_wells, layout_rooms
D:2:      layout_loops_ring
D:3:      layout_basic, nicolae_ru_great_annihilating_truth
D:4:      layout_loops_ring, mainiacjoe_overflow_24_doors,
          mainiacjoe_overflow_big_doors, minmay_mini_jars, uniq_sigmund
D:5:      nicolae_cairo_tiling_very_big, layout_basic, old_standard_altar,
          hangedman_decor_diamond_cutter, uniq_crazy_yiuf_cottage
D:6:      layout_basic, lemuel_doored_altar, mainiacjoe_overflow_cross_hatched,
          kennysheep_mini, minmay_temple_entry_fiery

Skill      XL: |  1  2  3  4  5  6  7  8  9 |
---------------+----------------------------+-----
Armour         | 4 5 6 |  6.0
Maces & Flails | 3 4 6 |  6.8
Fighting       | 4 5 6 7 8 |  8.0
Dodging        | 1 2 3 |  3.4
Short Blades   | 1 |  1.6
Throwing       | |  0.4
Shields        | |  3.2

Action                     |  1- 3 |  4- 6 |  7- 9 || total
---------------------------+-------+-------+-------++-------
  Melee: Flail             |   147 |    10 |       ||   157
         Dagger            |       |   118 |    61 ||   179
         Morningstar       |       |       |   236 ||   236
         Punch             |       |       |     5 ||     5
  Throw: Dart              |       |       |     5 ||     5
 Invoke: Heroism           |       |       |     1 ||     1
    Use: Potion            |       |       |     5 ||     5
         Scroll            |       |       |     7 ||     7
   Stab: Invisible         |       |     1 |       ||     1
         Paralysed         |       |     1 |       ||     1
 Armour: Scale mail        |   114 |   127 |    64 ||   305
         Leather armour    |       |       |   200 ||   200
         Skin              |       |       |    45 ||    45
  Dodge: Dodged            |    89 |    74 |   200 ||   363
